 Dungeon Crawl Stone Soup version 0.29.0-4-gdea44cf6ec (webtiles) character file.

Game seed: 460019596279550285

100 qw the Chopper (level 4, -8/26 HPs)
             Began as a Tengu Warper on Aug 28, 2022.
             Succumbed to an orc's curare-tipped dart
             ... on level 3 of the Dungeon.
             The game lasted 00:00:12 (2126 turns).

qw the Chopper (Tengu Warper)                       Turns: 2126, Time: 00:00:13

Health: -8/26      AC:  7    Str: 19    XL:     4   Next: 73%
Magic:  8/8        EV: 10    Int: 14    God:
Gold:   104        SH:  0    Dex: 13    Spells: 7/7 levels left

rFire   . . .      SeeInvis .   Y - +1 hand axe
rCold   . . .      Faith    .   (no shield)
rNeg    . . .      Spirit   .   j - +0 scale mail
rPois   .          Reflect  .   (helmet restricted)
rElec   .          Harm     .   l - +0 cloak
rCorr   .          Rampage  .   (no gloves)
Will    .....                   (boots unavailable)
Stlth   ..........              (no amulet)
HPRegen 0.08/turn               g - +6 ring of strength
MPRegen 0.11/turn               (no ring)

@: lethally poisoned (-8 -> -37), slowed, very slow
A: beak, talons 3
a: no special abilities


You were on level 3 of the Dungeon.
You visited 1 branch of the dungeon, and saw 3 of its levels.

You collected 104 gold pieces.


Innate Abilities, Weirdness & Mutations

You have a beak for a mouth.
You have claws for feet.


   Skills:
 - Level 2.0 Fighting
 + Level 5.2 Axes
 - Level 1.0 Throwing
 - Level 1.1 Armour
 - Level 2.1 Dodging
 - Level 2.0 Spellcasting
 - Level 2.4 Translocations


You had 7 spell levels left.
You didn't know any spells.
Your spell library contained the following spells:

 Spells                   Type           Power      Damage    Failure   Level
 Blink                    Tloc           16%        N/A       38%         2
 Gell's Gravitas          Tloc           8%         N/A       63%         3
 Lesser Beckoning         Tloc           8%         N/A       63%         3
 Teleport Other           Tloc           8%         N/A       63%         3
 Manifold Assault         Tloc           8%         N/A       100%        5

Inventory:

Hand Weapons
 c - a +0 whip
 Y - a +1 hand axe (weapon)
Missiles
 p - 2 boomerangs (quivered)
Armour
 j - a +0 scale mail (worn)
 l - a +0 cloak (worn)
Jewellery
 d - a ring of ice
 g - a +6 ring of strength (left hand)
Potions
 e - a potion of might {unknown}
 f - a potion of lignification {unknown}
 h - a potion of berserk rage {unknown}
 m - a potion of mutation {unknown}

Dungeon Overview and Level Annotations

Branches:
Dungeon (3/15)

Altars:


Message History

The orc wizard is severely wounded.
The orc wizard barely misses you.
You hit the orc wizard. You claw the orc wizard.
You kill the orc wizard!
Your Axes skill increases to level 5!
You hit the orc. Your kick misses the orc.
The orc is heavily wounded.
The orc hits you with a +0 club.
You closely miss the orc.
The orc is heavily wounded.
The orc hits you but does no damage.
You hit the orc. You claw the orc.
You kill the orc!
You start resting.
HP restored.
Items here: ( )) [.
An orc comes into view.
It is wielding a +0 mace and quivering curare-tipped darts.
2122 ||| Stepping ~*~*~tactically~*~*~ (stealth).
The orc shouts!
You hear a shout!
A goblin comes into view. It is wielding a +0 club.
Throw: 2 boomerangs
Press: ? - help, Q - select action Shift-Dir - straight line, f - orc You throw a boomerang.
The boomerang barely misses the orc.
The orc throws a curare-tipped dart.
The curare-tipped dart hits you.
You are poisoned.
You have difficulty breathing.
You feel yourself slow down.
Throw: 2 boomerangs
Press: ? - help, Q - select action Shift-Dir - straight line, f/p - orc You throw a boomerang.
The boomerang hits the orc.
The orc is almost dead.
You feel very sick.
The orc throws a curare-tipped dart.
The curare-tipped dart hits you.
You are lethally poisoned!
You have difficulty breathing.
You feel as though you will be slow longer.
Throw: 2 boomerangs
Press: ? - help, Q - select action Shift-Dir - straight line, f/p - orc You throw a boomerang.
The boomerang hits the orc.
You kill the orc!
You die...

#.#######
...g)...# #@#
########### #.#
#.%........
#.######.#########
#.)).....##.. ..>^
###########.# ####
#.# #)# #.#
##########.######


You could see a goblin.

Vanquished Creatures
  An orc priest (D:3)
  An orc wizard (D:3)
  A worm (D:2)
  2 dart slugs (D:2)
  3 orcs (D:3)
  4 bats
  3 endoplasms
  2 giant cockroaches (D:2)
  3 goblins (D:1)
  2 hobgoblins
  A quokka (D:1)
  6 ball pythons
  2 frilled lizards
  6 kobolds
  A rat (D:2)
38 creatures vanquished.

Notes
Turn   | Place    | Note
-------+----------+-------------------------------------------
     0 | D:1      | qw the Tengu Warper began the quest for the Orb.
     0 | D:1      | Reached XP level 1. HP: 12/12 MP: 4/4
     0 | D:1      | 0 ||| qw: Version: 0.1-a-89-g26bdef1
     0 | D:1      | 0 ||| qw: Game counter: 2486
     0 | D:1      | 0 ||| qw: Always use a shield: true
     0 | D:1      | 0 ||| qw: God list: Okawaru
     0 | D:1      | 0 ||| qw: Allow faded altars: false
     0 | D:1      | 0 ||| qw: Do Orc after D:15 true
     0 | D:1      | 0 ||| qw: Do second Lair branch before Depths: true
     0 | D:1      | 0 ||| qw: Lair rune preference: random
     0 | D:1      | 0 ||| qw: Plans: Normal
     0 | D:1      | 0 ||| PLANNING D:1-11
   144 | D:1      | Reached skill level 3 in Axes
   144 | D:1      | Reached XP level 2. HP: 9/17 MP: 6/6
   515 | D:1      | 515 ||| Stepping ~*~*~tactically~*~*~ (stealth).
   759 | D:1      | Found a faded altar of an unknown god.
   938 | D:1      | 938 ||| UPGRADING to +0 scale mail.
   948 | D:1      | 948 ||| DROPPING +0 leather armour.
   949 | D:1      | 949 ||| UPGRADING to +6 ring of strength.
   950 | D:1      | 950 ||| DRINKING 2 grey potions.
   951 | D:1      | 951 ||| DROPPING scroll of blinking.
  1019 | D:2      | 1019 ||| DROPPING +0 club.
  1089 | D:2      | Reached XP level 3. HP: 10/21 MP: 7/7
  1275 | D:2      | 1275 ||| Stepping ~*~*~tactically~*~*~ (hiding).
  1277 | D:2      | 1277 ||| Stepping ~*~*~tactically~*~*~ (hiding).
  1285 | D:2      | Reached skill level 4 in Axes
  1630 | D:2      | 1630 ||| Stepping ~*~*~tactically~*~*~ (hiding).
  1636 | D:2      | 1636 ||| Stepping ~*~*~tactically~*~*~ (hiding).
  1791 | D:2      | 1791 ||| UPGRADING to +0 cloak.
  1796 | D:2      | 1796 ||| READING scroll labelled FUOCOE QYOCIFF.
  1797 | D:2      | 1797 ||| READING scroll labelled OMUCRU HOMISS.
  1798 | D:2      | 1798 ||| READING scroll labelled RUBLIH OMUG.
  1803 | D:2      | 1803 ||| READING scroll labelled EKOUNO FAIB.
  1804 | D:2      | 1804 ||| READING scroll labelled GUVURI JOUKYNE.
  1805 | D:2      | 1805 ||| READING scroll labelled IFRUFE UTIPS.
  1806 | D:2      | 1806 ||| Stepping randomly (stuck).
  1807 | D:2      | 1807 ||| Stepping ~*~*~tactically~*~*~ (cloud).
  1808 | D:2      | 1808 ||| DRINKING potion of curing.
  1808 | D:2      | 1808 ||| (to cure poison)
  1981 | D:3      | Reached XP level 4. HP: 16/26 MP: 8/8
  1988 | D:3      | Reached skill level 5 in Axes
  2122 | D:3      | 2122 ||| Stepping ~*~*~tactically~*~*~ (stealth).
  2125 | D:3      | HP: 1/26 [asphyx]
  2126 | D:3      | Succumbed to an orc's curare-tipped dart

Levels and vault maps discovered:
D:1:      kennysheep_arrival_seaside, layout_basic,
          ebering_ecumenical_altar_abandoned, ebering_dispersal_statue_hall
D:2:      layout_rooms
D:3:      layout_loops_ring

Skill      XL: |  1  2  3  4 |
---------------+-------------+-----
Axes           | 3 4 5 |  5.2
Fighting       | |  2.0
Throwing       | |  1.0
Armour         | |  1.1
Dodging        | |  2.1
Spellcasting   | |  2.0
Translocations | |  2.4

Action                   |  1- 3 |  4- 6 || total
-------------------------+-------+-------++-------
Melee: Hand axe          |    75 |     7 ||    82
       Kick              |    15 |     3 ||    18
       Peck              |     9 |       ||     9
       Punch             |     1 |       ||     1
Throw: Boomerang         |    17 |     3 ||    20
  Use: Potion            |     2 |       ||     2
       Scroll            |     6 |       ||     6
Armor: Leather armour    |    14 |       ||    14
       Scale mail        |     9 |     2 ||    11
Dodge: Dodged            |    37 |     2 ||    39

Table legend:
 A = Non-vault XP
 B = Vault XP
 C = Vault XP percentage of total XP
 D = Non-vault monster count
 E = Vault monster count
 F = Vault count percentage of total count
                 A         B        C        D         E       F
            +---------+---------+-------+---------+---------+-------
      Total |     146 |       0 |   0.0 |      38 |       0 |   0.0
            +---------+---------+-------+---------+---------+-------
        D:1 |      28 |       0 |   0.0 |      18 |       0 |   0.0
        D:2 |      31 |       0 |   0.0 |      14 |       0 |   0.0
        D:3 |      87 |       0 |   0.0 |       6 |       0 |   0.0
            +---------+---------+-------+---------+---------+-------
